 Dungeon Crawl Stone Soup version 0.26-a0-712-ga5a9c9c9d0 (webtiles) character file.

Game seed: 1346344791812698813

632220 bastard the Phalangite (level 27, -4/230 HPs)
             Began as a Formicid Fighter on Nov 1, 2020.
             Was the Champion of Okawaru.
             Killed from afar by a Tzitzimitl (illusionary) (20 damage)
             ... with a bolt of cold
             ... in Pandemonium.
             The game lasted 02:16:20 (76210 turns).

bastard the Phalangite (Formicid Fighter)          Turns: 76210, Time: 02:16:34

Health: -4/230     AC: 34    Str: 25    XL:     27
Magic:  30/30      EV: 26    Int:  9    God:    Okawaru [******]
Gold:   10448      SH: 34    Dex: 24    Spells: 51/51 levels left

rFire    + + .     SeeInvis +   a - +9 bardiche (flame)
rCold    + + .     Faith    .   f - +10 tower shield of Ylug {rC- Dex+2 Slay+4}
rNeg     + . .     Spirit   .   l - +6 storm dragon scales
rPois    +         Reflect  .   (helmet unavailable)
rElec    +         Harm     .   i - +2 cloak
rCorr    .         Rampage  .   q - +0 pair of fencer's gloves {Riposte Dex+3}
MR       ++++.                  z - +1 pair of boots {Fly}
Stlth    ..........             T - amulet of Geubunes {RegenMP rC+++ MR++ Int-2 Stlth+}
HPRegen  0.48/turn              U - ring of Qazlal's Approval {*Drain rPois Str+3 Slay+3}
MPRegen  0.47/turn              r - ring "Tuisteess" {rF++ rN+ MP-9}

@: flying, lightly drained
A: permanent stasis, dig shafts and tunnels, four strong arms, antennae 3
}: 3/15 runes: barnacled, silver, gossamer
a: Dig, Shaft Self, Heroism, Finesse, Renounce Religion, Stop Flying


You were in Pandemonium.
You worshipped Okawaru.
Okawaru was exalted by your worship.
You visited 12 branches of the dungeon, and saw 51 of its levels.
You visited Pandemonium 1 time, and saw 1 of its levels.
You visited 1 ziggurat, and saw 5 of its levels.
You also visited: Gauntlet and Ice Cave.

You collected 11513 gold pieces.
You spent 1065 gold pieces at shops.

Inventory:

Hand Weapons
 a - a +9 bardiche of flaming (weapon)
 b - the +12 glaive of Prune {vorpal}
   (Okawaru gifted it to you on level 1 of the Crypt)

   It inflicts extra damage upon your enemies.
Missiles
 D - 13 throwing nets (quivered)
Armour
 f - the +10 tower shield of Ylug (worn) {rC- Dex+2 Slay+4}
   (Okawaru gifted it to you on level 2 of the Elven Halls)

   It affects your dexterity (+2).
   It affects your accuracy and damage with ranged weapons and melee attacks
   (+4).
   It makes you vulnerable to cold.
 i - a +2 cloak (worn)
 l - +6 storm dragon scales (worn)
 q - the +0 pair of fencer's gloves (worn) {Riposte Dex+3}
   (You found it on level 3 of the Elven Halls)

   It affects your dexterity (+3).
 z - a +1 pair of boots of flying (worn)
 P - +0 gold dragon scales
 W - the +0 pair of boots of Kikubaaqudgha's Regard {rCorr}
   (You found it on level 5 of the Vaults)

   It provides partial protection from all sources of acid and corrosion.
Jewellery
 h - the ring "Huoth" {+Inv rF+ rN+}
   (You found it on level 3 of the Crypt)

   [ring of positive energy]

   It protects you from fire.
   It protects you from negative energy.
   It lets you turn invisible.
 r - the ring "Tuisteess" (right hand) {rF++ rN+ MP-9}
   (You found it on level 3 of the Crypt)

   [ring of positive energy]

   It greatly protects you from fire.
   It protects you from negative energy.
   It affects your magic capacity (-9).
 Q - an uncursed amulet of regeneration
 T - the amulet of Geubunes (around neck) {RegenMP rC+++ MR++ Int-2 Stlth+}
   (You acquired it on level 3 of the Shoals)

   [amulet of magic regeneration]

   It increases your magic regeneration.
   It affects your intelligence (-2).
   It renders you almost immune to cold.
   It affects your resistance to hostile enchantments.
   It makes you more stealthy.
 U - the ring of Qazlal's Approval (left hand) {*Drain rPois Str+3 Slay+3}
   (You found it on level 3 of the Elven Halls)

   [ring of poison resistance]

   It affects your strength (+3).
   It affects your accuracy and damage with ranged weapons and melee attacks
   (+3).
   It protects you from poison.
   It causes draining when unequipped.
 V - an uncursed ring of wizardry
Wands
 u - a wand of disintegration (38)
 C - a wand of digging (19)
 G - a wand of enslavement (18)
 I - a wand of polymorph (23)
 M - a wand of paralysis (52)
 N - a wand of iceblast (49)
Scrolls
 c - a scroll of holy word
 p - 11 scrolls of magic mapping
 s - 19 scrolls of amnesia
 t - a scroll of silence
 w - 41 scrolls of remove curse
 x - 27 scrolls of identify
 y - 6 scrolls of fog
 F - 3 scrolls of vulnerability
 J - 15 scrolls of fear
 K - 2 scrolls of enchant armour
 O - 10 scrolls of enchant weapon
 Z - 5 scrolls of brand weapon
Potions
 d - 17 potions of magic
 e - 11 potions of stabbing
 j - 3 potions of mutation
 k - 4 potions of invisibility
 n - 13 potions of curing
 o - 8 potions of brilliance
 v - 5 potions of ambrosia
 A - 8 potions of lignification
 L - 6 potions of cancellation
 X - 2 potions of might
 Y - 3 potions of resistance
Miscellaneous
 g - a phial of floods
 m - the horn of Geryon
 B - a condenser vane (2/2)
 R - a lightning rod (4/4)
 S - a tin of tremorstones (3/3)


   Skills:
 + Level 21.7(21.1) Fighting
 + Level 23.9(23.3) Polearms
 + Level 21.4(20.8) Armour
 + Level 20.3(19.7) Dodging
 + Level 21.2(20.6) Shields
 + Level 12.5(12.0) Spellcasting
   Level 12.7(12.2) Fire Magic
 - Level 8.9(8.4) Invocations


You had 51 spell levels left.
You didn't know any spells.
Your spell library contained the following spells:

 Spells                   Type           Power        Failure   Level
 Foxfire                  Conj/Fire      ###.         3%          1
 Conjure Flame            Conj/Fire      ###.....     9%          3
 Inner Flame              Hex/Fire       ###.....     9%          3
 Ignite Poison            Fire/Tmut/Pois ##......     21%         3
 Sticky Flame             Conj/Fire      ###.....     28%         4
 Animate Skeleton         Necr           #.....       34%         1
 Apportation              Tloc           #.....       34%         1
 Corona                   Hex            #......      34%         1
 Freeze                   Ice            #...         34%         1
 Pain                     Necr           #...         34%         1
 Sting                    Tmut/Pois      #...         34%         1
 Summon Small Mammal      Summ           #...         34%         1
 Call Imp                 Summ           #.......     47%         2
 Corpse Rot               Necr/Air       N/A          47%         2
 Ensorcelled Hibernation  Hex/Ice        #.....       47%         2
 Poisonous Vapours        Pois/Air       #.....       47%         2
 Fireball                 Conj/Fire      ###.......   63%         5
 Call Canine Familiar     Summ           #.......     71%         3
 Confusing Touch          Hex            #.......     71%         3
 Dazzling Flash           Conj/Hex       #.....       71%         3
 Frozen Ramparts          Ice            #.....       71%         3
 Gell's Gravitas          Tloc           #.........   71%         3
 Lesser Beckoning         Tloc           #.........   71%         3
 Mephitic Cloud           Conj/Pois/Air  #.......     71%         3
 Ozocubu's Armour         Ice            #.......     71%         3
 Summon Guardian Golem    Hex/Summ       #.......     71%         3
 Teleport Other           Tloc           #.......     71%         3
 Tukima's Dance           Hex            #.......     71%         3
 Vampiric Draining        Necr           #.........   71%         3
 Animate Dead             Necr           #.........   98%         4
 Cause Fear               Hex            #.........   98%         4
 Hailstorm                Conj/Ice       #.......     98%         4
 Ice Form                 Ice/Tmut       #.......     98%         4
 Olgreb's Toxic Radiance  Pois           #.......     98%         4
 Passage of Golubria      Tloc           N/A          98%         4
 Summon Ice Beast         Ice/Summ       #.......     98%         4
 Summon Lightning Spire   Summ/Air       #.......     98%         4
 Starburst                Conj/Fire      ###.......   99%         6
 Agony                    Necr           #.......     100%        5
 Alistair's Intoxication  Tmut/Pois      #........    100%        5
 Borgnjor's Vile Clutch   Necr/Erth      #.........   100%        5
 Metabolic Englaciation   Hex/Ice        #.........   100%        5
 Silence                  Hex/Air        #.........   100%        5
 Freezing Cloud           Conj/Ice/Air   #.........   100%        6
 Invisibility             Hex            #.......     100%        6
 Ozocubu's Refrigeration  Ice            #.........   100%        6
 Shadow Creatures         Summ           N/A          100%        6
 Simulacrum               Ice/Necr       #.........   100%        6
 Dragon Form              Tmut           #.........   100%        7
 Disjunction              Tloc           #.........   100%        8
 Ignition                 Fire           ####......   100%        8
 Dragon's Call            Summ           #.........   100%        9
 Blink                    Tloc           Unusable     N/A         2

Dungeon Overview and Level Annotations

Branches:
Dungeon (15/15)            Temple (0/1) D:7            Lair (6/6) D:9
 Shoals (4/4) Lair:4       Spider (4/4) Lair:4        Slime (0/5) Lair:5
    Orc (2/2) D:12            Elf (3/3) Orc:2        Vaults (5/5) D:14
  Crypt (3/3) Vaults:3       Tomb (1/3) Crypt:3      Depths (5/5) D:15
   Hell (visited)             Dis (0/7) Hell            Geh (0/7) Hell
    Coc (0/7) Hell            Tar (0/7) Hell            Zot (2/5) Depths:5
  IceCv (visited)         Gauntlet (visited)

Altars:
Ashenzari
Dithmenos
Elyvilon
Gozag
Hepliaklqana
Kikubaaqudgha
Makhleb
Okawaru
Qazlal
Ru
Sif Muna
Trog
Vehumet
Wu Jian
Yredelemnul
Zin
Beogh

Shops:
D:8 =   D:9 !(   D:10 ?   Orc:2 !((!(   Elf:1 [   Elf:3 }==   Depths:1 }(

Portals:
Hell: Depths:1 Depths:2 Depths:3 Depths:4 Depths:5
Abyss: D:11 Depths:2 Depths:4
Pandemonium: Depths:3

Annotations:
D:4 2 runed translucent doors
D:9 exclusion: downstairs
D:11 2 transporters, Miewa's ghost, journeyman GrGl
D:15 1 runed translucent door, SafestHooves's ghost, journeyman CeMo
Lair:5 exclusion: oklob plant
Spider:3 exclusion: downstairs
Vaults:1 3 runed translucent doors, Lucherd's ghost, adept SpBr
Crypt:1 1 transporter
Depths:2 2 transporters, exclusion: downstairs
Depths:4 exclusion: upstairs
Zot:1 1 transporter, exclusion: downstairs


Innate Abilities, Weirdness & Mutations

You cannot be hasted, slowed, berserked, paralysed or teleported.
You can dig through walls and to a lower floor.
Your four strong arms can wield two-handed weapons with a shield.
You have a pair of large antennae on your head. (SInv)


Message History

The rakshasa is moderately wounded.
The rakshasa weaves an illusion.
The Tzitzimitl shimmers and seems to become two!
You slice the rakshasa!! You burn the rakshasa!
The rakshasa is severely wounded.
The injured rakshasa weaves a defensive illusion!
The Tzitzimitl gestures at you. The bolt of cold hits you! You resist.
* * * LOW HITPOINT WARNING * * *
The Tzitzimitl calls on the powers of darkness!
Your body is wracked with pain!
* * * LOW HITPOINT WARNING * * *
Unknown command.
You feel better. You block the rakshasa's attack.
You block the Tzitzimitl's attack. x2; The Tzitzimitl closely misses you.
You block the Tzitzimitl's attack. The Tzitzimitl gestures at you.
The bolt of cold hits the Tzitzimitl.
The Tzitzimitl resists.
The bolt of cold hits you!! You resist.
You die...

#...#........#...#..
#...#........#...#..
#...#........#...#..
#...##'#######...#..
#................#..
#................#..
#................#..
##..#######'##########..
......R@11..............
.....RR111..............
...................[....
########################


You could see 5 Tzitzimimeh and 3 rakshasas.

Vanquished Creatures
  2 orbs of fire (Zot:1)
  Khufu (Crypt:1)
  3 ancient liches
  A greater mummy (Crypt:1)
  Bai Suzhen (Crypt:1)
  Margery (Depths:3)
  Xtahua (Crypt:1)
  3 curse toes
  Geryon (Hell)
  9 golden dragons
  the Enchantress (Depths:1)
  5 Tzitzimimeh (Pan)
  Rupert (D:12)
  9 tentacled monstrosities
  The ghost of robertstho the Executioner, an adept MiBe of Trog (Spider:2)
  4 titans
  Asterion (Vaults:3)
  3 quicksilver dragons (Zot:1)
  3 liches (Depths:3)
  2 deep elf master archers (Elf:3)
  6 ancient champions
  Frances (D:12)
  3 deep elf blademasters
  Polyphemus (Shoals:2)
  4 death cobs (Zot:1)
  Agnes (Elf:2)
  7 sphinxes
  6 tengu reavers
  8 storm dragons
  11 shadow dragons
  5 revenants
  A pandemonium lord (Pan)
  Ilsuiw (Shoals:2)
  9 fire giants
  15 frost giants
  2 iron dragons
  2 deep elf sorcerers (Elf:3)
  3 curse skulls (Crypt:1)
  5 large abominations
  2 draconian scorchers (Depths:5)
  Louise (Shoals:4)
  A draconian shifter (Zot:2)
  A caustic shrike zombie (Crypt:3)
  19 vault wardens
  5 deep elf elementalists
  2 balrugs
  7 ghouls
  7 emperor scorpions
  An orc warlord (Vaults:4)
  6 ghost moths
  3 war gargoyles
  23 ironheart preservers
  5 reapers (Hell)
  14 very ugly things
  7 spriggan defenders
  22 stone giants
  17 vampire knights
  2 entropy weavers
  8 deep elf demonologists
  2 green draconians
  A blood saint (Pan)
  2 white draconians
  2 black draconians
  4 purple draconians
  A minotaur (Gauntlet)
  6 deep elf annihilators
  3 yellow draconians
  A red draconian (Zot:1)
  5 merfolk javelineers
  4 spark wasps
  18 ettins
  13 deep elf death magi
  2 blizzard demons (Hell)
  2 eidola (Crypt:1)
  13 merfolk impalers
  A great orb of eyes (shapeshifter) (Depths:3)
  20 jiangshi
  9 fire dragons
  14 yaktaur captains
  5 deep elf high priests
  7 rakshasas
  30 vault guards
  15 hydras
  Harold (D:10)
  A kraken zombie (Hell)
  14 ice dragons
  11 great orbs of eyes
  A hydra (shapeshifter) (Depths:2)
  3 merfolk avatars
  A ghost crab (Zig:2)
  4 death knights
  2 catoblepae
  5 centaur warriors
  7 spriggan air magi
  10 boulder beetles
  6 merfolk aquamancers
  24 dancing weapons
  11 ogre magi
  28 two-headed ogres
  17 death yaks
  An alligator (Zig:2)
  15 deep troll shamans
  2 satyrs (Shoals:4)
  7 tengu warriors
  3 small abominations (Vaults:5)
  7 spriggan berserkers
  A titan zombie (Crypt:1)
  Sonja (Orc:1)
  4 hell hogs (Hell)
  7 vampire magi
  11 deep troll earth magi
  26 hell knights
  2 iron golems (Hell)
  9 soul eaters
  6 sun demons
  Nergalle (D:10)
  3 anaconda zombies (Hell)
  24 deep elf knights
  16 skeletal warriors
  A titan skeleton (Depths:4)
  A spectral spark wasp (Spider:2)
  An unseen horror (shapeshifter) (Zig:4)
  3 sixfirhies
  A fire crab (Gauntlet)
  10 sea snakes
  6 deep elf archers
  6 wizards
  An iron troll (Depths:2)
  37 deep trolls
  2 unseen horrors
  2 gelid demonspawn (Pan)
  2 glowing orange brains
  A glowing orange brain (shapeshifter) (Depths:5)
  5 flayed ghosts
  A swamp dragon (shapeshifter) (Elf:2)
  A swamp dragon (Zig:3)
  A torturous demonspawn (Pan)
  A ghost moth zombie (Crypt:3)
  2 shadow dragon zombies
  Pikel (D:8)
  2 anaconda skeletons
  15 orb spiders
  16 phantasmal warriors
  16 harpies
  13 ironbrand convokers
  9 necromancers
  16 orc knights
  A wolf spider zombie (D:15)
  A mana viper (shapeshifter) (D:15)
  2 tengu skeletons
  An iron dragon zombie (Zig:5)
  An orb spider (shapeshifter) (Vaults:4)
  2 fire giant zombies
  An oklob plant (Gauntlet)
  9 fauns
  2 shadow dragon skeletons
  72 deep elf magi
  13 cyclopes
  42 ugly things
  A salamander (shapeshifter) (Depths:4)
  A stone giant zombie (D:15)
  3 orc sorcerers
  46 wolf spiders
  11 manticores
  An iron dragon skeleton (Crypt:3)
  8 moths of wrath
  6 vault sentinels
  A guardian serpent (Lair:6)
  9 rust devils
  Maurice (D:8)
  3 human skeletons
  15 elephants
  A guardian serpent (shapeshifter) (Depths:2)
  A frost giant skeleton (Vaults:4)
  A black mamba (shapeshifter) (Depths:3)
  14 merfolk sirens
  2 stone giant skeletons
  8 water nymphs
  8 black mambas
  A titan simulacrum (Vaults:4)
  3 ice statues
  2 smoke demons (Hell)
  Psyche (D:10)
  A cane toad (shapeshifter) (Depths:2)
  19 cane toads
  3 gargoyles (D:12)
  A torpor snail (Spider:1)
  11 komodo dragons
  An orange demon (Hell)
  2 hellions (Hell)
  2 kobold demonologists
  A komodo dragon (shapeshifter) (D:11)
  A white draconian zombie (Crypt:3)
  An efreet (D:15)
  22 demonic crawlers
  11 freezing wraiths
  50 yaktaurs
  4 rime drakes
  A catoblepas skeleton (Crypt:1)
  5 guardian mummies
  6 trolls
  A black draconian skeleton (Crypt:1)
  A tormentor (Zig:5)
  A red devil (Hell)
  2 tengu conjurers
  15 polar bears
  A tengu simulacrum (Vaults:4)
  2 ice devils
  29 jumping spiders
  4 wind drakes
  A polar bear (shapeshifter) (Depths:3)
  35 merfolk
  17 dream sheep
  2 jumping spiders (shapeshifter)
  A spectral tarantella (Spider:2)
  A hornet (shapeshifter) (Vaults:2)
  20 hornets
  Grinder (D:6)
  9 snapping turtles
  3 raiju (Lair:6)
  A tyrant leech (Zig:3)
  A slime creature (shapeshifter) (Vaults:5)
  2 hydra skeletons (Hell)
  A spectral jumping spider (Spider:2)
  28 slime creatures
  A dream sheep (shapeshifter) (Vaults:5)
  4 wolf spider simulacra
  A human simulacrum (Vaults:1)
  12 blink frogs
  3 bog bodies
  9 flying skulls (Crypt:1)
  An ice dragon skeleton (Crypt:1)
  A frost giant simulacrum (Vaults:3)
  A spriggan skeleton (D:15)
  3 air elementals
  An alligator skeleton (Hell)
  52 redbacks
  2 shadows
  23 tarantellas
  5 vampires
  6 ynoxinuls (Pan)
  7 spriggans
  An ettin skeleton (Vaults:4)
  2 redbacks (shapeshifter)
  A human (shapeshifter) (Vaults:3)
  A tarantella (shapeshifter) (Vaults:5)
  13 wraiths
  14 wyverns
  10 fire elementals
  78 yaks
  8 fire bats
  23 water elementals
  9 basilisks
  A hog (shapeshifter) (Vaults:1)
  4 chaos spawn (Pan)
  A vampire mosquito (Zig:1)
  3 elf skeletons
  A steam dragon (D:13)
  Menkaure (D:7)
  A monstrous demonspawn zombie (Crypt:3)
  An insubstantial wisp (Zig:3)
  3 acid dragons
  2 soldier ants
  10 wargs
  A cane toad zombie (Crypt:3)
  A soldier ant (shapeshifter) (Depths:2)
  2 monstrous demonspawn skeletons (Crypt:2)
  A torturous demonspawn skeleton (Crypt:2)
  15 water moccasins
  17 hell hounds
  2 sky beasts
  2 tarantella simulacra (Spider:2)
  3 human zombies
  3 cane toad skeletons
  23 ice beasts
  64 orc warriors
  5 phantoms
  16 black bears
  3 necrophages
  A snapping turtle zombie (Crypt:3)
  A blink frog zombie (Crypt:3)
  An eye of draining (D:15)
  40 ogres
  A swamp drake (Zig:2)
  11 boggarts
  A tengu (shapeshifter) (Depths:4)
  A manticore skeleton (Crypt:2)
  32 wolves
  27 centaurs
  A lemure (D:8)
  6 big kobolds
  19 bullfrogs
  2 earth elementals
  An elf zombie (Crypt:1)
  Blork the orc (D:4)
  A gnoll sergeant (D:12)
  4 wyvern zombies
  A cane toad simulacrum (Hell)
  A glowing shapeshifter simulacrum (Vaults:1)
  A wyvern skeleton (D:14)
  A komodo dragon skeleton (Crypt:3)
  2 hornet simulacra (Spider:2)
  A queen bee zombie (Crypt:1)
  3 scorpions
  3 water moccasin skeletons
  3 killer bees (D:12)
  8 wights
  3 electric eels
  7 howler monkeys
  8 centaur zombies
  2 crimson imps (Depths:3)
  A bullfrog zombie (D:6)
  5 jellies
  6 hounds
  27 orc priests
  Crazy Yiuf (D:2)
  2 bullfrog skeletons
  28 orc wizards
  7 centaur skeletons
  6 iguanas
  10 worker ants
  A killer bee zombie (D:6)
  A big kobold zombie (Crypt:3)
  A hound zombie (D:10)
  An ogre skeleton (Crypt:1)
  17 mummies
  A howler monkey zombie (Crypt:1)
  A howler monkey skeleton (D:10)
  A worker ant zombie (D:6)
  7 gnolls
  16 adders
  4 shadow imps
  4 white imps
  4 ufetubi
  3 oozes
  2 adder skeletons
  3 adder zombies
  4 worms
  3 dart slugs
  6 leopard geckos
  111 orcs
  7 bats
  6 giant cockroaches
  6 goblins
  4 hobgoblins
  8 jackals
  24 kobolds
  7 quokkas
  A quokka (shapeshifter) (Vaults:5)
  A ball python (D:2)
  A dart slug zombie (Crypt:1)
  12 frilled lizards
  A frilled lizard skeleton (Crypt:1)
  A giant cockroach zombie (Crypt:2)
  A jackal skeleton (Crypt:2)
  2 jackal zombies
  A leopard gecko skeleton (Crypt:3)
  A leopard gecko zombie (Crypt:2)
  A quokka zombie (Crypt:1)
  11 rats
  5 crawling corpses
  2 tentacles (Hell)
2618 creatures vanquished.

Vanquished Creatures (others)
  The ghost of Cozefen the Warrior, an adept DgCj (Depths:2)
  A fire giant (Depths:5)
  A stone giant (Depths:2)
  A hell hog (Hell)
  A necromancer (Depths:5)
  A deep elf mage (Elf:3)
  A jumping spider (Spider:4)
  A spectral jumping spider (Spider:2)
  A hornet (Spider:4)
  An air elemental (Elf:1)
  A boggart (shapeshifter) (Vaults:4)
  2 ogres
  An orc (D:15)
  52 fungi
  186 plants
  8 tentacles (Hell)
  5 toadstools (Depths:1)
  5 withered plants (D:15)
270 creatures vanquished.

Grand Total: 2888 creatures vanquished

Notes
Turn   | Place    | Note
-------+----------+-------------------------------------------
     0 | D:1      | bastard the Formicid Fighter began the quest for the Orb.
     0 | D:1      | Reached XP level 1. HP: 18/18 MP: 1/1
    39 | D:1      | Reached XP level 2. HP: 23/24 MP: 2/2
   425 | D:1      | Reached XP level 3. HP: 26/29 MP: 3/3
  1064 | D:2      | Reached skill level 3 in Polearms
  1075 | D:2      | Found a basalt altar of Yredelemnul.
  1269 | D:2      | Reached XP level 4. HP: 35/35 MP: 4/4
  1573 | D:2      | Found a runed translucent door.
  1574 | D:2      | Noticed Crazy Yiuf
  1586 | D:2      | Killed Crazy Yiuf
  1586 | D:2      | Reached skill level 5 in Shields
  1586 | D:2      | Reached XP level 5. HP: 39/41 MP: 5/5
  1872 | D:2      | Found a white marble altar of Elyvilon.
  1922 | D:3      | Found an opulent altar of Gozag.
  2122 | D:3      | Found a broken altar of Ashenzari.
  2122 | D:3      | Found an iron altar of Okawaru.
  2123 | D:3      | Found a glowing silver altar of Zin.
  2167 | D:3      | Became a worshipper of Warmaster Okawaru
  2257 | D:3      | Found a burning altar of Makhleb.
  2258 | D:3      | Found an ancient bone altar of Kikubaaqudgha.
  2259 | D:3      | Found an ornate altar of the Wu Jian Council.
  2484 | D:3      | Found a shimmering blue altar of Sif Muna.
  2503 | D:3      | Found a roughly hewn altar of Beogh.
  2670 | D:2      | Reached skill level 4 in Polearms
  2760 | D:3      | Reached XP level 6. HP: 35/47 MP: 3/6
  3003 | D:4      | Noticed Blork the orc
  3012 | D:4      | Killed Blork the orc
  3233 | D:4      | Reached * piety under Okawaru
  3427 | D:4      | Reached skill level 5 in Polearms
  3449 | D:4      | Reached XP level 7. HP: 52/52 MP: 7/7
  3511 | D:4      | Found a large runed translucent door.
  3511 | D:4      | Found a large runed translucent door.
  3543 | D:4      | Found a large runed translucent door.
  3543 | D:4      | Found a large runed translucent door.
  3651 | D:4      | Reached ** piety under Okawaru
  3659 | D:4      | Reached skill level 6 in Polearms
  3830 | D:4      | Reached XP level 8. HP: 58/58 MP: 8/8
  3936 | D:4      | Got a garnet-studded ring mail
  3937 | D:4      | Identified the cursed +1 ring mail of Risch {Rampage Dex+3}
                  | (You found it on level 4 of the Dungeon)
  4014 | D:5      | Entered Level 5 of the Dungeon
  4548 | D:5      | Found a sacrificial altar of Ru.
  4687 | D:5      | Reached *** piety under Okawaru
  4687 | D:5      | Reached skill level 7 in Polearms
  5653 | D:6      | Reached skill level 8 in Polearms
  5680 | D:6      | Found an iron altar of Okawaru.
  5718 | D:6      | Reached XP level 9. HP: 56/64 MP: 9/9
  5898 | D:6      | Noticed Grinder
  5910 | D:6      | Killed Grinder
  5910 | D:6      | Reached skill level 9 in Polearms
  6589 | D:6      | Found a hazy altar of Hepliaklqana.
  6841 | D:7      | Reached skill level 10 in Polearms
  6927 | D:7      | Reached **** piety under Okawaru
  7009 | D:7      | Found a staircase to the Ecumenical Temple.
  7295 | D:7      | Noticed Menkaure
  7300 | D:7      | Killed Menkaure
  7310 | D:7      | Reached skill level 11 in Polearms
  7329 | D:7      | Reached XP level 10. HP: 61/70 MP: 10/10
  7689 | D:8      | Found Wuurph's Jewellery Shoppe.
  7691 | D:8      | Noticed Pikel
  7705 | D:8      | Killed Pikel
  7705 | D:8      | Reached ***** piety under Okawaru
  7705 | D:8      | Reached skill level 12 in Polearms
  7833 | D:8      | Received a gift from Okawaru
  7834 | D:8      | Got a masterwork spear {god gift}
  7896 | D:8      | Identified the +3 spear of Superiority {vorpal, MP+9}
                  | (Okawaru gifted it to you on level 8 of the Dungeon)
  8295 | D:8      | Noticed Maurice
  8302 | D:8      | Killed Maurice
  8491 | D:8      | Reached skill level 13 in Polearms
  9180 | D:9      | Found Zofalur's Distillery.
  9236 | D:9      | Found a staircase to the Lair.
  9237 | D:9      | Noticed a death yak
  9288 | D:9      | Killed a death yak
  9288 | D:9      | Reached XP level 11. HP: 39/75 MP: 11/11
  9290 | D:9      | Reached skill level 14 in Polearms
  9662 | D:9      | Found Feelemi's Weapon Boutique.
 10171 | D:10     | Entered Level 10 of the Dungeon
 10171 | D:10     | Noticed Harold
 10368 | D:10     | Found Jolar's Magic Scroll Boutique.
 10372 | D:10     | Noticed Psyche
 10385 | D:10     | Killed Psyche
 10402 | D:10     | Killed Harold
 10402 | D:10     | Received a gift from Okawaru
 10402 | D:10     | Reached skill level 15 in Polearms
 10657 | D:10     | Identified 2 scrolls of acquirement
 10657 | D:10     | Acquired a manual of Dodging
 10658 | D:10     | Acquired a +2 bardiche of protection
 10686 | D:10     | Bought a scroll of noise for 14 gold pieces
 11052 | D:10     | Noticed a three-headed hydra
 11119 | D:10     | Killed a seven-headed hydra
 11119 | D:10     | Reached ****** piety under Okawaru
 11379 | D:10     | Noticed Nergalle
 11394 | D:10     | Killed Nergalle
 11580 | D:10     | Reached XP level 12. HP: 83/83 MP: 12/12
 11777 | D:11     | Found a shadowy altar of Dithmenos.
 11954 | D:11     | Noticed a boulder beetle
 11983 | D:11     | Killed a boulder beetle
 12120 | D:11     | Noticed an eight-headed hydra
 12134 | D:11     | Killed a 13-headed hydra
 12134 | D:11     | Reached skill level 5 in Dodging
 12320 | D:11     | Noticed Miewa's ghost (journeyman GrGl)
 12326 | D:11     | Found a transporter.
 12336 | D:11     | Found a one-way gate to the infinite horrors of the Abyss.
 12344 | D:11     | Found a transporter.
 12591 | D:11     | Reached skill level 5 in Fighting
 12873 | D:11     | Reached skill level 16 in Polearms
 12912 | D:12     | Found a staircase to the Orcish Mines.
 13193 | D:12     | Noticed a fire dragon
 13316 | Lair:1   | Entered Level 1 of the Lair of Beasts
 13325 | Lair:1   | Noticed a seven-headed hydra
 13332 | Lair:1   | Killed a two-headed hydra
 13332 | Lair:1   | Received a gift from Okawaru
 13774 | Lair:1   | Noticed a five-headed hydra
 13781 | Lair:1   | Killed a one-headed hydra
 14657 | Lair:2   | Noticed a seven-headed hydra
 14667 | Lair:2   | Killed a three-headed hydra
 14854 | Lair:2   | Noticed an eight-headed hydra
 14859 | Lair:2   | Killed a five-headed hydra
 14859 | Lair:2   | Reached XP level 13. HP: 88/94 MP: 13/13
 15110 | Lair:2   | Received a gift from Okawaru
 15110 | Lair:2   | Reached skill level 5 in Armour
 15277 | Lair:2   | Reached skill level 10 in Dodging
 16086 | Lair:3   | Noticed a five-headed hydra
 16095 | Lair:3   | Killed a one-headed hydra
 16584 | Lair:3   | Noticed a six-headed hydra
 16589 | Lair:3   | Killed a three-headed hydra
 16898 | Lair:4   | Received a gift from Okawaru
 16898 | Lair:4   | Reached XP level 14. HP: 105/105 MP: 14/14
 17236 | Lair:4   | Found a staircase to the Shoals.
 17255 | Lair:4   | Found a hole to the Spider Nest.
 17415 | Lair:4   | Reached skill level 17 in Polearms
 17941 | Lair:5   | Received a gift from Okawaru
 18324 | Lair:5   | Found a frozen archway.
 18374 | IceCv    | Entered an ice cave
 18773 | IceCv    | Got a flickering wooden ring
 19065 | IceCv    | Identified the ring "Defuip" {*Corrode *Drain rElec rPois
                  | rC+} (You found it in an ice cave)
 19187 | Lair:5   | Received a gift from Okawaru
 19291 | Lair:5   | Found a staircase to the Slime Pits.
 19505 | Lair:6   | Entered Level 6 of the Lair of Beasts
 19508 | Lair:6   | Found a dark tunnel.
 19518 | Lair:6   | Reached XP level 15. HP: 105/115 MP: 15/15
 19572 | Lair:6   | Reached skill level 10 in Fighting
 19598 | Lair:6   | Found a gate leading to a gauntlet.
 19607 | Gauntlet | Entered a Gauntlet
 19607 | Gauntlet | Found a transporter.
 19607 | Gauntlet | Found a transporter.
 19678 | Gauntlet | Found a transporter.
 19678 | Gauntlet | Found a transporter.
 19692 | Gauntlet | Found a transporter.
 19698 | Gauntlet | Found a transporter.
 19698 | Gauntlet | Found a transporter.
 19722 | Gauntlet | Found a transporter.
 19729 | Gauntlet | Found a transporter.
 19741 | Gauntlet | Found a transporter.
 19759 | Gauntlet | Found a transporter.
 19785 | Gauntlet | Found a large runed translucent door.
 19811 | Gauntlet | Found a transporter.
 19820 | Gauntlet | Found a transporter.
 19822 | Gauntlet | Found a large runed translucent door.
 19822 | Gauntlet | Found a large runed translucent door.
 19823 | Gauntlet | Found a large runed translucent door.
 19823 | Gauntlet | Found a large runed translucent door.
 19824 | Gauntlet | Found a runed translucent door.
 19824 | Gauntlet | Found a large runed translucent door.
 19824 | Gauntlet | Found a runed translucent door.
 19824 | Gauntlet | Found a large runed translucent door.
 19824 | Gauntlet | Found a large runed translucent door.
 19825 | Gauntlet | Found a large runed translucent door.
 19825 | Gauntlet | Found a large runed translucent door.
 19828 | Gauntlet | Found a large runed translucent door.
 19828 | Gauntlet | Found a large runed translucent door.
 19830 | Gauntlet | Found a large runed translucent door.
 19830 | Gauntlet | Found a large runed translucent door.
 19830 | Gauntlet | Found a large runed translucent door.
 19832 | Gauntlet | Found a runed translucent gate.
 19832 | Gauntlet | Found a runed translucent gate.
 19832 | Gauntlet | Found a runed translucent gate.
 19834 | Gauntlet | Found a transporter.
 19845 | Gauntlet | Found a large runed translucent door.
 19935 | Gauntlet | Found a transporter.
 19949 | Gauntlet | Found a transporter.
 20405 | Gauntlet | Got a sparkling glass ring
 20406 | Gauntlet | Identified the ring "Icuh Kask" {Int+6 Dex-4 Slay+4} (You
                  | found it in a Gauntlet)
 21250 | Lair:6   | Received a gift from Okawaru
 21757 | Lair:6   | Reached skill level 10 in Armour
 22211 | Lair:6   | Reached XP level 16. HP: 125/125 MP: 16/16
 22288 | Lair:6   | Reached skill level 1 in Invocations
 22324 | Lair:6   | Received a gift from Okawaru
 23462 | D:12     | Found a stormy altar of Qazlal.
 23478 | D:12     | Noticed Frances
 23498 | D:12     | Killed Frances
 23619 | D:12     | Noticed Rupert
 23637 | D:12     | Killed Rupert
 23637 | D:12     | Reached skill level 18 in Polearms
 24610 | Orc:1    | Entered Level 1 of the Orcish Mines
 24610 | Orc:1    | Noticed Sonja
 24615 | Orc:1    | Killed Sonja
 24887 | Orc:2    | Entered Level 2 of the Orcish Mines
 24937 | Orc:2    | Found Simoll's Weapon Boutique.
 24943 | Orc:2    | Reached skill level 5 in Invocations
 25092 | Orc:2    | Found a staircase to the Elven Halls.
 25410 | Orc:2    | Received a gift from Okawaru
 25515 | Orc:2    | Found Giuzuvepa's Distillery.
 25516 | Orc:2    | Found Jorroet's Weapon Emporium.
 25516 | Orc:2    | Found Kumud's Weapon Shop.
 25519 | Orc:2    | Found Ida Ygoj's Distillery.
 25526 | Orc:2    | Bought a potion of heal wounds for 70 gold pieces
 25526 | Orc:2    | Bought a potion of curing for 42 gold pieces
 25526 | Orc:2    | Bought a potion of invisibility for 112 gold pieces
 25543 | Orc:2    | Bought a potion of ambrosia for 128 gold pieces
 25543 | Orc:2    | Bought a potion of curing for 48 gold pieces
 25543 | Orc:2    | Bought a potion of invisibility for 128 gold pieces
 25543 | Orc:2    | Bought a potion of heal wounds for 80 gold pieces
 25543 | Orc:2    | Bought a potion of heal wounds for 80 gold pieces
 25543 | Orc:2    | Bought a potion of curing for 48 gold pieces
 25632 | Orc:2    | Found a roughly hewn altar of Beogh.
 25740 | Orc:1    | Found a bloodstained altar of Trog.
 26640 | Shoals:1 | Entered Level 1 of the Shoals
 27318 | Shoals:1 | Received a gift from Okawaru
 27325 | Shoals:1 | Reached XP level 17. HP: 105/134 MP: 21/21
 27736 | Shoals:1 | Found a shadowy altar of Dithmenos.
 29134 | Shoals:2 | Noticed Polyphemus
 29152 | Shoals:2 | Killed Polyphemus
 29361 | Shoals:2 | Received a gift from Okawaru
 30177 | Shoals:2 | Noticed Ilsuiw
 30208 | Shoals:2 | Killed Ilsuiw
 30566 | Shoals:3 | Acquired 1028 gold pieces
 31008 | Shoals:3 | Acquired the amulet of Geubunes {RegenMP rC+++ MR++ Int-2
                  | Stlth+}
 31706 | Shoals:4 | Entered Level 4 of the Shoals
 31996 | Shoals:4 | Noticed Louise
 32029 | Shoals:4 | Killed Louise
 32037 | Shoals:4 | Reached XP level 18. HP: 57/144 MP: 24/24
 32506 | Shoals:4 | Received a gift from Okawaru
 32748 | Shoals:4 | Reached skill level 19 in Polearms
 32808 | Shoals:4 | Got a barnacled rune of Zot
 33191 | Shoals:4 | Reached skill level 10 in Shields
 33437 | Shoals:4 | Received a gift from Okawaru
 34572 | Spider:1 | Entered Level 1 of the Spider Nest
 35895 | Spider:2 | Reached skill level 15 in Dodging
 36045 | Spider:2 | Found a runed translucent gate.
 36045 | Spider:2 | Found a runed translucent gate.
 36046 | Spider:2 | Found a runed translucent gate.
 36051 | Spider:2 | Noticed robertstho's ghost (adept MiBe)
 36264 | Spider:2 | Reached XP level 19. HP: 119/153 MP: 23/25
 36611 | Spider:2 | Received a gift from Okawaru
 36900 | Spider:2 | Killed robertstho's ghost
 36922 | Spider:2 | Got a pair of fine gloves
 36923 | Spider:2 | Identified the +2 pair of gloves "Tedamal" {rPois} (You
                  | found it on level 2 of the Spider Nest)
 38892 | Spider:4 | Entered Level 4 of the Spider Nest
 39439 | Spider:3 | Received a gift from Okawaru
 40155 | Spider:3 | Reached skill level 15 in Fighting
 41030 | Spider:4 | Got a gossamer rune of Zot
 41590 | D:13     | Reached XP level 20. HP: 162/162 MP: 26/26
 41598 | D:13     | Received a gift from Okawaru
 42150 | D:14     | Found a gate to the Vaults.
 42959 | D:14     | Found a shadowy altar of Dithmenos.
 43029 | D:15     | Entered Level 15 of the Dungeon
 43205 | D:15     | Found a runed translucent door.
 43208 | D:15     | Noticed SafestHooves's ghost (journeyman CeMo)
 43219 | D:15     | Identified the +7 spear "Bodyzow" {vorpal, rElec rPois rC+
                  | Stlth+}
 43398 | D:15     | Found a staircase to the Depths.
 43422 | D:15     | Received a gift from Okawaru
 43440 | D:15     | Reached skill level 20 in Polearms
 43786 | D:15     | Reached skill level 15 in Armour
 43965 | Vaults:1 | Entered Level 1 of the Vaults
 45123 | Vaults:1 | Found a runed translucent gate.
 45123 | Vaults:1 | Found a runed translucent gate.
 45123 | Vaults:1 | Found a runed translucent gate.
 45125 | Vaults:1 | Noticed Lucherd's ghost (adept SpBr)
 46008 | Vaults:1 | Reached XP level 21. HP: 170/170 MP: 27/27
 47302 | Vaults:2 | Received a gift from Okawaru
 47820 | Vaults:3 | Received a gift from Okawaru
 48188 | Vaults:3 | Reached XP level 22. HP: 164/180 MP: 28/28
 48542 | Vaults:3 | You are sucked into a shaft and drop 1 floor!
 48890 | Vaults:3 | Reached skill level 15 in Shields
 48956 | Vaults:3 | Found a staircase to the Crypt.
 49291 | Vaults:3 | Noticed Asterion
 49298 | Vaults:3 | Killed Asterion
 49429 | Vaults:3 | Received a gift from Okawaru
 49781 | Vaults:4 | Reached skill level 21 in Polearms
 50250 | Vaults:4 | Received a gift from Okawaru
 50609 | Vaults:4 | Reached XP level 23. HP: 188/188 MP: 29/29
 51460 | Crypt:1  | Entered Level 1 of the Crypt
 51971 | Crypt:1  | Noticed a greater mummy
 51972 | Crypt:1  | Noticed Khufu
 52022 | Crypt:1  | Killed Khufu
 52059 | Crypt:1  | Killed a greater mummy
 52537 | Crypt:1  | Noticed Bai Suzhen
 52575 | Crypt:1  | Killed Bai Suzhen
 52641 | Crypt:1  | HP: 8/190 [vampire knight/+2 battleaxe (20)]
 52654 | Crypt:1  | Received a gift from Okawaru
 52655 | Crypt:1  | Found the +12 glaive of Prune {vorpal}
 52977 | Crypt:1  | Noticed Xtahua
 52986 | Crypt:1  | Killed Xtahua
 53502 | Crypt:1  | Noticed an ancient lich
 53503 | Crypt:1  | Found a shimmering blue altar of Sif Muna.
 53506 | Crypt:1  | Noticed an ancient lich
 53507 | Crypt:1  | Found a transporter.
 54622 | Crypt:2  | Reached XP level 24. HP: 183/197 MP: 29/29
 55061 | Crypt:3  | Entered Level 3 of the Crypt
 55123 | Crypt:3  | Received a gift from Okawaru
 56081 | Crypt:3  | Received a gift from Okawaru
 56610 | Crypt:3  | Found a basalt altar of Yredelemnul.
 56610 | Crypt:3  | Noticed a curse toe
 57211 | Crypt:3  | Found a staircase to the Tomb.
 57366 | Crypt:3  | Killed a curse toe
 57371 | Crypt:3  | Found an ancient bone altar of Kikubaaqudgha.
 57622 | Crypt:3  | Found the +8 autumn katana {vorpal, Clar}
 57626 | Crypt:3  | Got a translucent turquoise ring
 57626 | Crypt:3  | Got a heavily runed steel ring
 57639 | Crypt:3  | Identified the ring "Huoth" {+Inv rF+ rN+} (You found it on
                  | level 3 of the Crypt)
 57640 | Crypt:3  | Identified the ring "Tuisteess" {rF++ rN+ MP-9} (You found
                  | it on level 3 of the Crypt)
 57641 | Crypt:3  | Identified the ring "Xosikhlog" {*Corrode rPois rN+ MR++
                  | Dex+2} (You found it on level 3 of the Crypt)
 57668 | Crypt:3  | Noticed a curse toe
 57687 | Crypt:3  | Killed a curse toe
 57883 | Tomb:1   | Entered Level 1 of the Tomb of the Ancients
 58194 | Elf:1    | Entered Level 1 of the Elven Halls
 58211 | Elf:1    | Found a radiant altar of Vehumet.
 58402 | Elf:1    | Reached skill level 1 in Spellcasting
 58767 | Elf:1    | Found Yvixud's Antique Armour Shop.
 58776 | Elf:1    | Bought an embroidered cloak for 315 gold pieces
 59514 | Elf:2    | Received a gift from Okawaru
 59515 | Elf:2    | Got a translucent tower shield {god gift}
 59527 | Elf:2    | Identified the +10 tower shield of Ylug {rC- Dex+2 Slay+4}
                  | (Okawaru gifted it to you on level 2 of the Elven Halls)
 59599 | Elf:2    | Found a runed translucent gate.
 59599 | Elf:2    | Found a runed translucent gate.
 59603 | Elf:2    | Found a runed translucent gate.
 59756 | Elf:3    | Entered Level 3 of the Elven Halls
 59995 | Elf:3    | Found Zourghaog's Jewellery Emporium.
 59996 | Elf:3    | Found Gyadd's Gadget Shop.
 59997 | Elf:3    | Found Ypny's Jewellery Emporium.
 60231 | Elf:3    | Reached XP level 25. HP: 201/206 MP: 20/29
 60296 | Elf:3    | Reached skill level 22 in Polearms
 60807 | Elf:3    | Identified the Almanac of the Icy Blaze
 60927 | Elf:3    | Found the +0 pair of fencer's gloves {Riposte Dex+3}
 60927 | Elf:3    | Identified the ring "Jocehoe" {rPois EV+4 Str+4 Int+2}
 60958 | Elf:3    | Got a twitching emerald amulet
 60975 | Elf:3    | Identified the Tome of Evil Dislocation
 60995 | Elf:3    | Got a vibrating brass ring
 61257 | Elf:3    | Identified the amulet "Ytisch" {rPois Regen+ Dex+2} (You
                  | found it on level 3 of the Elven Halls)
 61258 | Elf:3    | Identified the ring of Qazlal's Approval {*Drain rPois
                  | Str+3 Slay+3} (You found it on level 3 of the Elven Halls)
 61422 | Elf:2    | Received a gift from Okawaru
 61596 | Elf:2    | Noticed Agnes
 61605 | Elf:2    | Killed Agnes
 61615 | Elf:2    | Reached skill level 5 in Spellcasting
 62097 | Vaults:5 | Entered Level 5 of the Vaults
 62191 | Vaults:5 | Noticed an ancient lich
 62205 | Vaults:5 | Killed an ancient lich
 62324 | Vaults:5 | Identified the +5 dire flail of Duty {venom, rPois}
 62339 | Vaults:5 | Received a gift from Okawaru
 62340 | Vaults:5 | Found the +8 lance "Wyrmbane" {slay drac, rPois rF+ rC+
                  | AC+3}
 62350 | Vaults:5 | Reached XP level 26. HP: 170/215 MP: 23/32
 62670 | Vaults:5 | Identified the +6 battleaxe of the Undead {freeze, +Inv
                  | Int+2}
 62745 | Vaults:5 | Received a gift from Okawaru
 62828 | Vaults:5 | Noticed an ancient lich
 62844 | Vaults:5 | Killed an ancient lich
 63066 | Vaults:5 | Reached skill level 1 in Fire Magic
 63111 | Vaults:5 | Received a gift from Okawaru
 63112 | Vaults:5 | Got a brightly glowing tower shield {god gift}
 63113 | Vaults:5 | Identified the +6 tower shield of Snakes and Ladders {rC-
                  | rCorr Dex+7} (Okawaru gifted it to you on level 5 of the
                  | Vaults)
 63417 | Vaults:5 | Got a pair of faintly glowing boots
 63418 | Vaults:5 | Identified the +0 pair of boots of Kikubaaqudgha's Regard
                  | {rCorr} (You found it on level 5 of the Vaults)
 63643 | Vaults:5 | Got a silver rune of Zot
 63799 | Vaults:5 | Reached XP level 27. HP: 224/224 MP: 26/35
 63851 | Vaults:5 | Reached skill level 5 in Fire Magic
 64417 | Depths:1 | Entered Level 1 of the Depths
 64964 | Depths:1 | Found Quxibas's Weapon Shop.
 64964 | Depths:1 | Found Sosmec's Gadget Boutique.
 65094 | Depths:1 | Found a gateway to Hell.
 65130 | Depths:1 | Noticed the Enchantress
 65154 | Depths:1 | Killed the Enchantress
 65668 | Depths:2 | Received a gift from Okawaru
 65718 | Depths:2 | Found a transporter.
 65741 | Depths:2 | Found a transporter.
 65744 | Depths:2 | Noticed Cozefen's ghost (adept DgCj)
 65758 | Depths:2 | Found a transporter.
 65777 | Depths:2 | Killed Cozefen's ghost
 66207 | Depths:2 | You fall into a shaft and drop 2 floors!
 66686 | Depths:4 | Reached skill level 23 in Polearms
 66735 | Depths:4 | Identified the +9 mace "Qiypn" {venom, *Noise Str+4 Int+3}
 66779 | Depths:4 | Received a gift from Okawaru
 67565 | Depths:3 | Received a gift from Okawaru
 67685 | Depths:3 | Found a one-way gate leading to the halls of Pandemonium.
 67876 | Depths:3 | Reached skill level 10 in Spellcasting
 68065 | Depths:3 | Noticed an ancient lich
 68077 | Depths:3 | Killed an ancient lich
 68207 | Depths:3 | Reached skill level 10 in Fire Magic
 68439 | Depths:3 | Received a gift from Okawaru
 68552 | Depths:3 | Noticed Margery
 68583 | Depths:3 | Killed Margery
 68738 | Depths:3 | Found a huge runed gate.
 68738 | Depths:3 | Found a huge runed gate.
 68738 | Depths:3 | Found a huge runed gate.
 68738 | Depths:3 | Found a huge runed gate.
 68750 | Depths:3 | Found a huge runed gate.
 68750 | Depths:3 | Found a huge runed gate.
 68752 | Depths:3 | Found a huge runed gate.
 68752 | Depths:3 | Found a huge runed gate.
 68823 | Depths:3 | Found a huge runed gate.
 68824 | Depths:3 | Found a huge runed gate.
 68825 | Depths:3 | Found a huge runed gate.
 68826 | Depths:3 | Found a huge runed gate.
 68827 | Depths:3 | Found a huge runed gate.
 68828 | Depths:3 | Found a huge runed gate.
 68829 | Depths:3 | Found a huge runed gate.
 68835 | Depths:3 | Found a gateway to a ziggurat.
 68837 | Depths:3 | Found a huge runed gate.
 69097 | Zig:1    | Entered Level 1 of a ziggurat
 69111 | Zig:2    | Entered Level 2 of a ziggurat
 69129 | Zig:3    | Entered Level 3 of a ziggurat
 69209 | Zig:4    | Entered Level 4 of a ziggurat
 69307 | Zig:5    | Entered Level 5 of a ziggurat
 69975 | Depths:2 | Received a gift from Okawaru
 70089 | Depths:2 | Found a transporter.
 70556 | Depths:3 | Found a huge runed gate.
 70556 | Depths:3 | Found a huge runed gate.
 70556 | Depths:3 | Found a huge runed gate.
 70556 | Depths:3 | Found a huge runed gate.
 70563 | Depths:3 | Found a huge runed gate.
 70563 | Depths:3 | Found a huge runed gate.
 70563 | Depths:3 | Found a huge runed gate.
 70599 | Depths:3 | Noticed a juggernaut
 71009 | Depths:5 | Entered Level 5 of the Depths
 71892 | Depths:5 | Found a gate to the Realm of Zot.
 72430 | Zot:1    | Entered Level 1 of the Realm of Zot
 72444 | Zot:1    | Received a gift from Okawaru
 72565 | Zot:1    | Noticed an orb of fire
 72578 | Zot:1    | Killed an orb of fire
 72883 | Zot:1    | Found the +0 mask of the Dragon {MR+ Slay+3 SInv}
 72913 | Zot:1    | Found a transporter.
 72913 | Zot:1    | Noticed an orb of fire
 72932 | Zot:1    | Killed an orb of fire
 72939 | Zot:1    | Received a gift from Okawaru
 74161 | Hell     | Entered the Vestibule of Hell
 74161 | Hell     | Noticed Geryon
 74393 | Hell     | Killed Geryon
 74393 | Hell     | Received a gift from Okawaru
 74882 | Hell     | Found a gateway to the freezing wastes of Cocytus.
 75046 | Hell     | Found a gateway to the decaying netherworld of Tartarus.
 75261 | Hell     | Found a gateway to the ashen valley of Gehenna.
 75312 | Hell     | Found a gateway to the Iron City of Dis.
 75400 | Pan      | Entered Pandemonium
 75400 | Pan      | Noticed Moruama the pandemonium lord
 75406 | Pan      | Received a gift from Okawaru
 75429 | Pan      | Killed Moruama the pandemonium lord
 76137 | Pan      | Found an exit through the horrors of the Abyss.
 76209 | Pan      | HP: 11/230 [??? (7)]
 76210 | Pan      | Killed from afar by a Tzitzimitl (illusionary)

Illustrated notes

Levels and vault maps discovered:
D:1:      roderic_crop_circles_arrival_small, layout_basic, minmay_octomino_c4
D:2:      layout_loops_ring, kennysheep_ying_yang, uniq_crazy_yiuf_cottage
D:3:      layout_basic, nicolae_overflow_hidden_temple,
          overflow_temple_1_default, gammafunk_temple_overflow_claw,
          chequers_temple_overflow_statue_of_worship, kennysheep_orc_chapel
D:4:      layout_gridville, minmay_hollow_rounded_squares, uniq_blork_the_orc
D:5:      layout_basic, nicolae_ru_awakened_eye
D:6:      layout_loops_ring, lemuel_coloured_pillars_altar, basic_altar,
          kennysheep_generic_room_7, uniq_grinder
D:7:      layout_loops_cross, minmay_temple_entry_grid, uniq_menkaure
D:8:      layout_loops_ring, serial_shops, nicolae_shop_trees, uniq_pikel,
          uniq_maurice
D:9:      layout_loops_ring, david_lair_generic, serial_shops, shop, shop
D:10:     layout_rooms, serial_shops, shop, serial_curves, eino_curves_02,
          eino_curves_01, st_stairs_14, hangedman_ranch
          [blue_anna_fruit_fields], uniq_psyche, uniq_harold, uniq_nergalle
D:11:     layout_roguey, gammafunk_ghost_abyssal_escape, basic_altar,
          minmay_misc_feat_nine_boxes
D:12:     minmay_firetagon, layout_gridville, david_orc_3, basic_altar,
          uniq_frances, uniq_rupert
D:13:     layout_basic
D:14:     layout_basic, david_vaults_2,
          nicolae_dithmenos_through_a_glass_darkly, eino_tiny_chamber
D:15:     gammafunk_depths_entry_grave, layout_basic, minmay_splitting_lines,
          ebering_ghost_funeral_grove
Lair:1:   layout_layer_cave, st_stairs_13, fungi_pond_lemuel,
          beast_lair_carwin_9, infiniplex_staircase_pool_2
Lair:2:   layout_gridlike
Lair:3:   layout_cave_pods, serial_bayou_shore_b, serial_bayou_shore_b,
          infiniplex_staircase_pool, grunt_megastairs_4
Lair:4:   layout_roguey, elwin_shoals_entry_rocks,
          nicolae_spider_entry_orb_guardian, beast_lair_carwin_5
Lair:5:   layout_cave_pods, minmay_slime_entry_oklob_open,
          portal_ice_cave_entry_ice_beasts, grunt_megastairs_1
Lair:6:   hangedman_lair_caniforms_friends, layout_regular_city,
          hangedman_lair_tendril_chambers, gauntlet_entry_generic,
          nicolae_volcano_entry_lava_flow, serial_bayou_shore_a
Shoals:1: layout_shoals, lemuel_altar_in_water2
Shoals:2: layout_shoals, uniq_polyphemus, uniq_ilsuiw
Shoals:3: layout_shoals
Shoals:4: shoals_end_grunt_ice, layout_shoals, shoal_ilsuiw, uniq_louise
Spider:1: layout_spider_delve
Spider:2: nicolae_spider_hall_of_the_moth_king, gammafunk_ghost_necromancy,
          drop_trap
Spider:3: layout_chambers
Spider:4: grunt_spider_rune_island, guppyfry_spider_mini_1
Orc:1:    layout_diamond_mine, bloody_trog, uniq_sonja
Orc:2:    st_orc_rangers, layout_caves, serial_shops, nicolae_shop_trees,
          basic_altar
Elf:1:    eino_elf_arrival_altar, layout_geoelf_grid, serial_shops,
          nicolae_shop_overgrown_old_shop, hangedman_elven_crosses_minicolossus
Elf:2:    layout_geoelf_octagon, uniq_agnes
Elf:3:    elf_hall_gauntlet_wide, layout_geoelf_octagon, minmay_shop_grove
Vaults:1: gammafunk_vaults_ghost_tricky_traps, grunt_vaults_focal, v_pattern_5,
          special_room_vaults [special_room_orc], nicolae_vaults_asterisk,
          nicolae_vaults_little_squares_4, v_alt_pattern_5,
          layout_vaults_quadrants
Vaults:2: hangedman_vaults_variations, nicolae_vaults_puzzle_piece,
          vaults_room_pool, nicolae_vaults_network_s, hangedman_vaults_trim,
          nicolae_vaults_sealed_display, layout_vaults_big_room
Vaults:3: vaults_room_hallway, v_pattern_2, v_misc_2, v_alt_pattern_6,
          v_misc_14, vaults_mumra_hex, v_alt_pattern_6, nicolae_vaults_octagons,
          blue_anna_dwarven_crypt, nicolae_vaults_network_periphery,
          nicolae_vaults_little_squares_1, nicolae_vaults_specimen_jars,
          vaults_dpeg_diagonal, v_alt_pattern_3, nicolae_vaults_angled_halls,
          vaults_room_stairs_pillars, layout_vaults_maze, uniq_asterion
Vaults:4: vaults_room_hangedman_quadrants, nicolae_vaults_yaktaur_gun_rack,
          hangedman_vaults_stretched_pinwheel,
          vaults_standard_mumra_enter_the_diamond, ontoclasm_vaults_gateway,
          v_alt_pattern_4, hangedman_vaults_stream, hangedman_vaults_stitches,
          vaults_room_door_hall, hangedman_vaults_maws,
          ontoclasm_vaults_ring_square, nicolae_vaults_little_squares_5,
          nicolae_vaults_theta, ontoclasm_vaults_shuriken, layout_vaults_ring
Vaults:5
Crypt:1:  gammafunk_sealed_library, layout_regular_city,
          grunt_crypt_arrival_guarded_gate, uniq_bai_suzhen, uniq_khufu,
          uniq_xtahua
Crypt:2:  layout_chaotic_city
Crypt:3:  lightli_unholy_cathedral, layout_chaotic_city,
          nicolae_tomb_entry_unfolded_pyramid_orthogonal
Tomb:1
Depths:1: layout_honeycomb, minmay_misc_feat_room, hell_entry,
          minmay_fountain_box, minmay_misc_feat_encased, minmay_misc_feat_cross,
          minmay_gold_behind_fungi, grunt_tough_drop, serial_bayou_shore_b,
          minmay_shoptagon, serial_bayou_shore_b, uniq_enchantress
Depths:2: gammafunk_the_bubble [the_bubble_gammafunk_crates], layout_gridlike,
          hangedman_decor_points, grunt_hell_entry_dis_grunt,
          gammafunk_ghost_arena, hangedman_abyss_entry_splay,
          serial_bayou_shore_b, infiniplex_staircase_squiggle,
          serial_bayou_shore_b
Depths:3: nooodl_heptagram, layout_long_grid, enter_ziggurat_a, pan_entry,
          minmay_holes, pf_dread_powers_of_hell, door_vault, uniq_margery
Depths:4: minmay_the_grid_octo_tiled_octocenter
          [minmay_the_grid_octo_concentric, minmay_the_grid_octo_checkered,
          minmay_the_grid_octo_pinwheel, minmay_the_grid_octo_odd_swirl,
          minmay_the_grid_octo_prize_ultimate_mussel_roller,
          minmay_the_grid_square_5x5_n_small, minmay_the_grid_square_5x5_forky,
          minmay_the_grid_square_5x5_three, minmay_the_grid_square_5x5_detours],
          layout_basic, hell_entry, abyss_entry, chequers_decorated_corner,
          minmay_staircase_windowed_small
Depths:5: grunt_zot_entry_gee_three, layout_gridlike, hell_entry,
          serial_bayou_shore_b
Hell
Zot:1:    layout_onion_interference, chequers_guarded_unrand_mask_of_the_dragon
Zot:2:    layout_cellular_growth
Pan:      evilmike_mini_pan_T, layout_onion_city

Skill      XL: |  1  2  3  4  5  6  7  8  9 10 11 12 13 14 15 16 17 18 19 20 21 22 23 24 25 26 27 |
---------------+----------------------------------------------------------------------------------+-----
Shields        | 4 5 6 8 9 11 12 13 14 15 16 17 18 21 | 21.2
Polearms       | 3 4 5 6 8 11 13 15 16 17 18 19 20 21 22 23 | 23.9
Dodging        | 2 9 11 13 14 15 16 17 18 19 20 | 20.3
Fighting       | 6 8 9 11 12 13 14 15 16 17 18 19 21 | 21.7
Armour         | 4 6 8 10 11 12 13 14 15 16 17 18 19 21 | 21.4
Invocations    | 6 8 |  8.9
Spellcasting   | 3 6 8 12 | 12.5
Fire Magic     | 4 12 | 12.7

Action                   |  1- 3 |  4- 6 |  7- 9 | 10-12 | 13-15 | 16-18 | 19-21 | 22-24 | 25-27 || total
-------------------------+-------+-------+-------+-------+-------+-------+-------+-------+-------++-------
Melee: Trident           |   140 |   177 |   294 |       |       |       |       |       |       ||   611
       Halberd           |       |       |    23 |   261 |       |       |       |       |       ||   284
       Bardiche          |       |       |       |   230 |   794 |  1242 |  1355 |  1477 |  2322 ||  7420
       Glaive            |       |       |       |       |       |       |       |       |     8 ||     8
Throw: Throwing net      |       |       |       |     1 |       |       |       |       |       ||     1
Invok: Heroism           |       |       |       |     1 |     6 |    13 |     5 |     9 |    33 ||    67
       Finesse           |       |       |       |     1 |       |     6 |     3 |     4 |     9 ||    23
 Abil: Stop Flying       |       |       |       |       |       |     2 |       |       |     3 ||     5
       Evoke Flight      |       |       |       |       |       |     2 |       |       |     3 ||     5
Evoke: Wand              |       |       |       |     1 |       |       |     3 |       |       ||     4
       Phial of floods   |       |       |       |       |       |       |       |     1 |       ||     1
  Use: Scroll            |     7 |     4 |     6 |    18 |     8 |     7 |     5 |    15 |     7 ||    77
       Potion            |       |       |       |     7 |     3 |     9 |       |     9 |    11 ||    39
 Stab: Sleeping          |       |     2 |     1 |     9 |       |       |       |       |       ||    12
       Distracted        |       |       |     1 |       |       |       |     1 |       |       ||     2
       Held in net/web   |       |       |       |     1 |       |       |       |       |       ||     1
       Invisible         |       |       |       |       |       |       |       |       |     3 ||     3
Armor: Scale mail        |    40 |    51 |       |       |       |       |       |       |       ||    91
       Robe              |       |     4 |    33 |    78 |       |       |       |       |       ||   115
       Plate armour      |       |       |       |    24 |   455 |   513 |   519 |   357 |       ||  1868
       Storm dragon scal |       |       |       |       |       |       |       |    10 |   290 ||   300
Dodge: Dodged            |    27 |    40 |    82 |   172 |   404 |   543 |   561 |   419 |   629 ||  2877
Block: Kite shield       |    53 |    87 |   114 |   260 |   782 |  1156 |  1154 |   981 |       ||  4587
       Reflection        |       |       |       |    10 |     1 |   129 |    55 |    38 |       ||   233
       Tower shield      |       |       |       |       |       |       |       |    19 |  2216 ||  2235
       Rpst.: Bardiche   |       |       |       |       |       |       |       |       |    88 ||    88

Table legend: (Time is in decaauts)
 A = Elapsed time spent in this place.
 B = Non-inter-level travel time spent in this place.
 C = Inter-level travel time spent in this place.
 D = Time resting spent in this place.
 E = Time spent auto-exploring this place.
 F = Levels seen in this place.
 G = Mean time per level.
                   A        B        C        D        E       F      G
               +--------+--------+--------+--------+--------+-----+--------+
         Total |  77852 |  74001 |   3851 |      0 |  57564 |  59 | 1319.5 |
       Dungeon |  18159 |  16759 |   1400 |      0 |  13454 |  15 | 1210.6 |
          Lair |   9233 |   8779 |    454 |      0 |   7095 |   6 | 1538.8 |
        Shoals |   8214 |   7957 |    257 |      0 |   6255 |   4 | 2053.5 |
   Spider Nest |   6698 |   6431 |    267 |      0 |   5064 |   4 | 1674.5 |
  Orcish Mines |   2021 |   1810 |    211 |      0 |   1413 |   2 | 1010.5 |
   Elven Halls |   3691 |   3576 |    115 |      0 |   2455 |   3 | 1230.3 |
        Vaults |   9985 |   9535 |    450 |      0 |   7011 |   5 | 1997.0 |
         Crypt |   6643 |   6435 |    208 |      0 |   4957 |   3 | 2214.3 |
          Tomb |      1 |      1 |      0 |      0 |      0 |   1 |    1.0 |
        Depths |   7799 |   7369 |    430 |      0 |   5836 |   5 | 1559.8 |
          Hell |    606 |    584 |     22 |      0 |    350 |   1 |  606.0 |
           Zot |   1631 |   1600 |     31 |      0 |   1328 |   2 |  815.5 |
   Pandemonium |    767 |    767 |      0 |      0 |    614 |   1 |  767.0 |
      Ziggurat |    609 |    609 |      0 |      0 |    413 |   5 |  121.8 |
      Ice Cave |    785 |    785 |      0 |      0 |    604 |   1 |  785.0 |
      Gauntlet |   1003 |   1003 |      0 |      0 |    710 |   1 | 1003.0 |
               +--------+--------+--------+--------+--------+-----+--------+

Top non-repeatable levels by time:
Spider:3: 3464 daAuts
 Crypt:1: 2890 daAuts
  Lair:6: 2831 daAuts
 Crypt:3: 2725 daAuts
Shoals:2: 2403 daAuts
Shoals:4: 2313 daAuts
Vaults:1: 2252 daAuts
Vaults:3: 2131 daAuts
Shoals:1: 2051 daAuts
Vaults:4: 2040 daAuts
Vaults:5: 2034 daAuts
Depths:5: 1985 daAuts
Depths:3: 1881 daAuts
     D:9: 1808 daAuts
    D:12: 1702 daAuts
